AoeStats
← wxm

Arena

510744240Analyzed
1v1 RM · 10h ago on Oct 2, 2026· 47m 24s· 2 players
Game mode
Random Map
Map size
Tiny (2 player)
Population
200
Speed
Normal
Resources
Standard
Victory
Conquest
Starting age
Dark Age
Ending age
Imperial Age
RankedLock teamsTeams togetherTeam positionsShared explorationLock speedFull tech treeHidden civsTurbo modeCheats
Victory
Defeat
🇨🇳 Teutons · China
472
+15
🇭🇺 Sicilians · Hungary
440
-15
lajcsi87
0:35 Loom
11:57 Feudal Age
13:16 Wheelbarrow
12:24 Horse Collar
12:54 Double-Bit Axe
14:06 Town Watch
16:16 Gold Mining
16:19 Stone Mining
19:52 Man-at-Arms
23:45 Arson
28:00 Forging
27:50 Scale Mail Armor
27:51 Padded Archer Armor
27:41 Fletching
32:48 Castle Age
33:54 Heavy Plow
34:14 Hand Cart
36:26 Iron Casting
36:06 Chain Mail Armor
40:00 Bodkin Arrow
40:20 Leather Archer Armor
40:11 Scale Barding Armor
41:44 Squires
41:30 Gambesons
41:05 Long Swordsman
41:06 Pikeman
42:30 Gold Shaft Mining
42:32 Stone Shaft Mining
42:57 Crossbowman
42:57 Elite Skirmisher
43:44 Town Patrol
45:25 Chain Barding Armor
wxm
9:32 Feudal Age
9:53 Horse Collar
14:30 Gold Mining
17:59 Castle Age
16:22 Stone Mining
18:18 Fletching
18:39 Forging
18:01 Man-at-Arms
19:22 Long Swordsman
20:08 Scale Mail Armor
22:17 Wheelbarrow
23:20 Stone Shaft Mining
24:19 Squires
24:06 Arson
29:23 Heavy Plow
29:45 Hand Cart
29:21 Town Watch
30:10 Bodkin Arrow
30:41 Ballistics
30:15 Double-Bit Axe
30:31 Town Watch
30:41 Loom
32:00 Bow Saw
33:39 Masonry
33:20 Guard Tower
35:17 Ironclad
36:51 Fortified Wall
44:31 Imperial Age
44:29 Town Patrol
46:29 Chemistry
45:15 Arrowslits
46:06 Keep
45:38 Siege Engineers
46:08 Sanctity
45:50 Devotion
46:15 Illumination
46:31 Iron Casting
46:12 Chain Mail Armor
45:57 Padded Archer Armor
46:03 Scale Barding Armor
46:22 Guilds
47:35 Crenellations
46:36 Elite Teutonic Knight
48:34 Hoardings
Connection lost

Rejoining the realm…

Still unreachable

The connection could not be restored.

Session expired

The server has moved on; the page needs a fresh start.